 Dungeon Crawl Stone Soup version 0.23-a0-151-gf6d1ed2 (webtiles) character file.

7557 mhoghedin the Fighter (level 11, -10/71 HPs)
             Began as a Kobold Artificer on Aug 25, 2018.
             Was an Initiate of Lugonu.
             Killed by drain life
             ... invoked by a soul eater
             ... summoned by the meddling of Cheibriados
              (13 damage)
             ... on level 10 of the Dungeon on Sept 8, 2018.
             The game lasted 00:29:27 (9597 turns).

mhoghedin the Fighter (Kobold Artificer)            Turns: 9597, Time: 00:29:28

Health: -10/71     AC: 23    Str: 12    XL:     11   Next: 39%
Magic:  14/14      EV:  6    Int: 13    God:    Lugonu [......]
Gold:   536        SH:  9    Dex: 16    Spells: 5/10 levels left

rFire    + + .     SeeInvis .   M - +1 scimitar (flame)
rCold    x . .     Gourm    .   y - +0 shield
rNeg     . . .     Faith    .   u - +0 plate armour
rPois    .         Spirit   .   I - +2 helmet
rElec    .         Reflect  .   j - +2 cloak {MR+}
rCorr    .         Harm     .   q - +0 pair of gloves
MR       +....                  e - +2 pair of boots
Stlth    ..........             (no amulet)
HPRegen  0.21/turn              E - ring of fire {rF+, rC-}
MPRegen  0.14/turn              A - ring of protection from fire {rF+, !d}

@: about to teleport, very slow
A: small, carnivore
a: Renounce Religion


You were on level 10 of the Dungeon.
You worshipped Lugonu.
Lugonu was noncommittal.
You were very full.

You visited 1 branch of the dungeon, and saw 10 of its levels.
You visited the Abyss 1 time.

You collected 536 gold pieces.

Inventory:

Hand Weapons
 i - a +3 short sword of draining
   (You took it off a kobold on level 1 of the Dungeon)
 r - a +3 dagger of protection
   (You took it off an orc wizard on level 9 of the Dungeon)
 K - a +1 dagger of venom
   (You took it off an orc on level 9 of the Dungeon)
 M - a +1 scimitar of flaming (weapon)
   (You took it off an efreet on level 1 of the Abyss)
Missiles
 n - 2 throwing nets {=f, !d}
Armour
 e - a +2 pair of boots (worn)
   (You found it on level 7 of the Dungeon)
 j - a +2 cloak of magic resistance (worn)
   (You took it off Crazy Yiuf on level 6 of the Dungeon)
 q - a +0 pair of gloves (worn)
   (You found it on level 2 of the Dungeon)
 u - a +0 plate armour (worn)
   (You found it on level 4 of the Dungeon)
 y - a +0 shield (worn)
   (You found it on level 3 of the Dungeon)
 I - a +2 helmet (worn)
   (You found it on level 7 of the Dungeon)
Jewellery
 m - an uncursed ring of fire {rF+, rC-}
   (You found it on level 2 of the Dungeon)
 A - a ring of protection from fire (right hand) {rF+, !d}
   (You found it on level 5 of the Dungeon)
 C - an uncursed ring of flight {+Fly, !d}
   (You found it on level 5 of the Dungeon)
 D - a +5 ring of strength {unknown}
   (You took it off an orc wizard on level 9 of the Dungeon)
 E - a ring of fire (left hand) {rF+, rC-}
   (You found it on level 6 of the Dungeon)
Wands
 c - a wand of flame (6)
 d - a wand of enslavement (10)
 z - a wand of digging (14)
   (You found it on level 5 of the Dungeon)
 H - a wand of iceblast (10)
   (You found it on level 8 of the Dungeon)
 J - a wand of polymorph (16)
   (You found it on level 9 of the Dungeon)
Scrolls
 a - a scroll of immolation {unknown}
 b - 4 scrolls of remove curse
 g - a scroll of teleportation
 h - a scroll of noise {unknown}
 l - 5 scrolls of enchant armour
 t - a scroll of amnesia {unknown}
 v - a scroll of magic mapping {!r}
 w - 3 scrolls of random uselessness
 x - 3 scrolls of enchant weapon
 G - a scroll of acquirement {unknown}
 N - a scroll of identify
Potions
 k - 4 potions of agility
 o - 2 potions of lignification {unknown}
 p - a potion of might {unknown}
 s - 4 potions of curing
 B - a potion of heal wounds
 F - a potion of brilliance {unknown}
 L - a potion of cancellation {unknown}
 O - a potion of magic {unknown}
Comestibles
 f - 25 rations


   Skills:
 - Level 9.2 Fighting
 - Level 8.4 Short Blades
 + Level 0.2(3.2) Long Blades
 - Level 5.2 Armour
 - Level 8.9 Dodging
 - Level 7.7 Stealth
 - Level 4.5 Shields
 - Level 5.0 Invocations
 - Level 3.6 Evocations


You had 5 spell levels left.
You knew the following spells:

 Your Spells              Type           Power        Failure   Level  Hunger
b - Blink                 Tloc           N/A          100%        2    ###....
x - Mephitic Cloud        Conj/Pois/Air  #.......     100%        3    ####...

Your spell library contained the following spells:

 Spells                   Type           Power        Failure   Level  Hunger
 Corona                   Hex            #......      100%        1    ##.....
 Magic Dart               Conj           #...         100%        1    ##.....
 Shock                    Conj/Air       #...         100%        1    ##.....
 Call Imp                 Summ           #.......     100%        2    ###....
 Ensorcelled Hibernation  Hex/Ice        #.....       100%        2    ###....
 Slow                     Hex            #.......     100%        2    ###....
 Swiftness                Chrm/Air       #.......     100%        2    ###....
 Confuse                  Hex            #.......     100%        3    ####...
 Conjure Flame            Conj/Fire      #.......     100%        3    ####...
 Dazzling Spray           Conj/Hex       #.....       100%        3    ####...
 Static Discharge         Conj/Air       #.......     100%        3    ####...
 Tukima's Dance           Hex            #.......     100%        3    ####...
 Airstrike                Air            #.........   100%        4    #####..
 Lightning Bolt           Conj/Air       #.........   100%        5    ######.


Dungeon Overview and Level Annotations

Branches:
Dungeon (10/15)            Temple (0/1) D:4
   Lair: D:8-11         Orc: D:9-12

Altars:
Cheibriados
Elyvilon
Fedhas
Gozag
Trog
Xom
Yredelemnul
Zin

Shops:
D:6 !   D:9 *!%=*

Annotations:
D:10 Erolcha


Innate Abilities, Weirdness & Mutations

You are small and have problems with some larger weapons.
You are carnivorous and can eat meat at any time.


Message History

You destroy the orc zombie!
Lugonu accepts your kill.
No target in view!
N - a scroll of identify A troll zombie comes into view.
You block the troll zombie's attack.
The troll zombie claws you but does no damage.
The troll zombie claws you!
You take 7 damage, and have 64/71 hp.
You barely miss the troll zombie. You block the troll zombie's attack.
The troll zombie claws you but does no damage.
You block the troll zombie's attack.
Your shield and plate armour prevent you from hitting the troll zombie.
An ogre zombie comes into view.
You block the troll zombie's attack.
The troll zombie claws you but does no damage.
The troll zombie claws you.
You take 4 damage, and have 60/71 hp.
You hit the troll zombie. You burn the troll zombie.
The troll zombie bites you but does no damage.
The troll zombie claws you but does no damage. x2
The troll zombie bites you but does no damage.
The troll zombie closely misses you. x2
The troll zombie barely misses you.
The troll zombie claws you but does no damage. x2
You slash the troll zombie! You burn the troll zombie.
The troll zombie bites you. You block the troll zombie's attack. x2
You take 5 damage, and have 57/71 hp.
You slash the troll zombie! You burn the troll zombie.
The troll zombie bites you but does no damage.
You block the troll zombie's attack. The troll zombie claws you.
You take 4 damage, and have 53/71 hp.
You slash the troll zombie! You burn the troll zombie.
You block the troll zombie's attack.
The troll zombie claws you but does no damage. x2
Your plate armour prevents you from hitting the troll zombie.
The troll zombie bites you but does no damage.
The troll zombie claws you.
The troll zombie claws you but does no damage.
You take 1 damage, and have 53/71 hp.
Your shield and plate armour prevent you from hitting the troll zombie.
The troll zombie bites you.
The troll zombie claws you but does no damage.
You block the troll zombie's attack.
You take 3 damage, and have 50/71 hp.
Your plate armour prevents you from hitting the troll zombie.
You block the troll zombie's attack. x2
The troll zombie claws you but does no damage.
You slash the troll zombie! You burn the troll zombie.
The troll zombie bites you but does no damage.
The troll zombie claws you. x2; Time shudders.
Something reaches out for you...
You take 7 damage, and have 43/71 hp.
You hit the troll zombie but do no damage.
The troll zombie bites you but does no damage.
You block the troll zombie's attack. The troll zombie barely misses you.
You hit the troll zombie. You burn the troll zombie.
The troll zombie bites you.
The troll zombie claws you but does no damage. x2
You take 6 damage, and have 37/71 hp.
You hit the troll zombie. You burn the troll zombie.
You block the troll zombie's attack. x2
The troll zombie claws you but does no damage.
You hit the troll zombie. You burn the troll zombie.
You block the troll zombie's attack. x2; The troll zombie claws you.
You take 3 damage, and have 34/71 hp.
The troll zombie bites you but does no damage.
The troll zombie claws you. You block the troll zombie's attack.
You take 3 damage, and have 31/71 hp.
The troll zombie bites you. You block the troll zombie's attack.
The troll zombie claws you but does no damage.
You take 1 damage, and have 31/71 hp.
The soul eater draws from the surrounding life force!
* * * LOW HITPOINT WARNING * * *
An orc skeleton comes into view.
You block the troll zombie's attack. x2
The troll zombie claws you but does no damage.
You take 17 damage, and have 14/71 hp.
MASSIVE DAMAGE!!
As you read the scroll of teleportation, it crumbles to dust.
You feel strangely unstable. The troll zombie bites you.
* * * LOW HITPOINT WARNING * * *
The troll zombie claws you but does no damage. x2
Unknown command.
The soul eater draws from the surrounding life force!
* * * LOW HITPOINT WARNING * * *
The orc skeleton hits you but does no damage. x2
You take 6 damage, and have 8/71 hp.
Unknown command.
Your surroundings suddenly seem different.
A rock wall.
The rock shatters into small pieces.
The soul eater draws from the surrounding life force!
* * * LOW HITPOINT WARNING * * *
You take 9 damage, and have 2/71 hp.
Unknown command.
As you read the scroll of teleportation, it crumbles to dust.
You feel strangely unstable.
The soul eater draws from the surrounding life force!
You die...

#..........#
#.#........# #
#.#........#
.##.#........#
.............#
##..#........#
#.##........#
##Z########.########
#.3# ##...3..@..#
#Z## ####..#########
.Z# #....## .##
#.#### .# # +.# #.#
#.# #.#


You could see a soul eater.

Vanquished Creatures
  Pikel (D:4)
  Maurice (D:8)
  Joseph (D:7)
  A centaur skeleton (D:10)
  A gargoyle (D:10)
  An efreet (Abyss:1)
  A hornet (D:9)
  4 hippogriffs
  Eustachio (D:5)
  Grum (D:8)
  Edmund (D:5)
  Menkaure (D:4)
  Duvessa (D:4)
  A water moccasin (D:9)
  2 orc warriors (D:8)
  2 phantoms
  A small abomination (Abyss:1)
  2 ice beasts
  2 sky beasts
  2 wolves (D:8)
  3 ogres
  A crocodile (D:9)
  A centaur (D:6)
  2 big kobolds
  2 bullfrogs (D:9)
  2 scorpions
  Dowan (D:4)
  3 killer bees (D:10)
  4 howler monkeys
  2 crimson imps
  2 centaur zombies
  A quasit (D:9)
  4 hounds
  6 jellies
  5 orc priests
  Crazy Yiuf (D:6)
  A bullfrog skeleton (D:6)
  An iron imp (Abyss:1)
  3 iguanas
  7 orc wizards
  9 worker ants
  A hound skeleton (D:4)
  A hound zombie (D:9)
  Robin (D:3)
  A worker ant zombie (D:8)
  10 gnolls
  15 adders
  4 shadow imps
  6 oozes
  2 adder skeletons
  3 worms
  4 dart slugs
  3 leopard geckos
  39 orcs
  5 giant cockroaches
  17 goblins
  12 hobgoblins
  4 jackals (D:6)
  18 kobolds
  3 quokkas
  A ball python (D:4)
  8 bats
  4 frilled lizards
  A goblin skeleton (D:10)
  2 goblin zombies (D:10)
  A hobgoblin zombie (D:10)
  A jackal zombie (D:8)
  3 orc zombies (D:10)
  6 rats
  A spectral orc (D:5)
266 creatures vanquished.

Vanquished Creatures (collateral kills)
  An orc (D:6)
  A hobgoblin (D:1)
2 creatures vanquished.

Vanquished Creatures (others)
  A hound (D:4)
  A ball lightning (D:10)
  A goblin (D:3)
  A quokka (D:10)
4 creatures vanquished.

Grand Total: 272 creatures vanquished

Notes
Turn   | Place    | Note
-------+----------+-------------------------------------------
     0 | D:1      | mhoghedin the Kobold Artificer began the quest for the Orb.
     0 | D:1      | Reached XP level 1. HP: 12/12 MP: 3/3
   195 | D:1      | HP: 3/12 [hobgoblin/club (2)]
   441 | D:1      | Reached XP level 2. HP: 11/16 MP: 4/4
   470 | D:1      | HP: 3/16 [dart slug/slug dart (3)]
   473 | D:1      | Reached skill level 2 in Stealth
   808 | D:1      | Reached skill level 2 in Short Blades
  1089 | D:1      | Reached XP level 3. HP: 21/21 MP: 5/5
  1123 | D:2      | Found a snail-covered altar of Cheibriados.
  1134 | D:2      | Reached skill level 3 in Dodging
  1167 | D:2      | Became a worshipper of Cheibriados the Contemplative
  1284 | D:2      | Reached skill level 2 in Fighting
  1284 | D:2      | Reached XP level 4. HP: 19/26 MP: 6/6
  1297 | D:2      | Reached skill level 3 in Stealth
  1406 | D:2      | Reached skill level 3 in Short Blades
  1466 | D:2      | Reached XP level 5. HP: 24/31 MP: 7/7
  1552 | D:2      | Reached * piety under Cheibriados
  1590 | D:2      | Found a white marble altar of Elyvilon.
  1922 | D:3      | Reached skill level 1 in Invocations
  1966 | D:3      | Noticed Robin
  1980 | D:3      | Reached ** piety under Cheibriados
  2004 | D:3      | Reached XP level 6. HP: 25/36 MP: 8/8
  2011 | D:3      | Reached skill level 2 in Invocations
  2016 | D:3      | Killed Robin
  2410 | D:3      | Learned a level 2 spell: Blink
  2414 | D:3      | Learned a level 3 spell: Mephitic Cloud
  2556 | D:4      | Noticed Pikel
  2556 | D:4      | Noticed a slave
  2556 | D:4      | Noticed a slave
  2556 | D:4      | Noticed a slave
  2558 | D:4      | Noticed a slave
  2571 | D:4      | Killed Pikel
  2571 | D:4      | Reached skill level 3 in Fighting
  2571 | D:4      | Reached skill level 4 in Dodging
  2571 | D:4      | Reached skill level 5 in Stealth
  2571 | D:4      | Reached skill level 3 in Invocations
  2571 | D:4      | Reached XP level 7. HP: 34/42 MP: 9/9
  2633 | D:4      | Noticed Menkaure
  2638 | D:4      | Killed Menkaure
  2638 | D:4      | Reached skill level 4 in Fighting
  2638 | D:4      | Reached skill level 5 in Dodging
  2638 | D:4      | Reached skill level 4 in Invocations
  2648 | D:4      | Reached XP level 8. HP: 36/48 MP: 11/11
  2745 | D:4      | Reached *** piety under Cheibriados
  2867 | D:4      | Found a shimmering altar of Xom.
  3037 | D:4      | Found a staircase to the Ecumenical Temple.
  3172 | D:4      | Reached skill level 5 in Fighting
  3534 | D:4      | Noticed Dowan
  3535 | D:4      | Noticed Duvessa
  3542 | D:4      | Killed Dowan
  3542 | D:4      | Reached skill level 1 in Armour
  3621 | D:4      | Killed Duvessa
  3843 | D:5      | Entered Level 5 of the Dungeon
  3895 | D:5      | Noticed Edmund
  3925 | D:5      | Killed Edmund
  3925 | D:5      | Reached skill level 6 in Fighting
  3987 | D:3      | Upgraded the game from 0.23-a0-121-g4413648 to
                  | 0.23-a0-151-gf6d1ed2
  4004 | D:5      | Noticed Eustachio
  4033 | D:5      | Killed Eustachio
  4033 | D:5      | Reached skill level 2 in Armour
  4314 | D:5      | Reached XP level 9. HP: 37/56 MP: 12/12
  4448 | D:5      | Reached skill level 4 in Short Blades
  4611 | D:5      | Found a basalt altar of Yredelemnul.
  4787 | D:6      | Reached skill level 6 in Dodging
  4787 | D:6      | Reached skill level 1 in Shields
  4787 | D:6      | Reached skill level 5 in Invocations
  4872 | D:6      | Reached skill level 7 in Fighting
  5056 | D:6      | Reached **** piety under Cheibriados
  5244 | D:6      | Found Vuecehog's Distillery.
  5419 | D:6      | Found a runed door.
  5423 | D:6      | Noticed Crazy Yiuf
  5433 | D:6      | Killed Crazy Yiuf
  5547 | D:7      | Reached skill level 5 in Short Blades
  5561 | D:7      | Reached skill level 3 in Armour
  5810 | D:7      | Reached skill level 2 in Shields
  5890 | D:7      | Noticed Joseph
  5906 | D:7      | Killed Joseph
  5984 | D:7      | Found an opulent altar of Gozag.
  5984 | D:7      | Found a faded altar of an unknown god.
  5990 | D:7      | Found a blossoming altar of Fedhas.
  5992 | D:7      | Found a glowing silver altar of Zin.
  5994 | D:7      | Found a bloodstained altar of Trog.
  6140 | D:8      | Reached XP level 10. HP: 58/63 MP: 13/13
  6144 | D:8      | Reached skill level 7 in Dodging
  6195 | D:8      | Noticed Grum
  6218 | D:8      | Reached skill level 6 in Short Blades
  6230 | D:8      | Killed Grum
  6490 | D:8      | Noticed Maurice
  6533 | D:8      | Killed Maurice
  6533 | D:8      | Reached skill level 8 in Fighting
  6533 | D:8      | Reached skill level 4 in Armour
  6533 | D:8      | Reached skill level 3 in Shields
  7006 | D:8      | Reached skill level 7 in Short Blades
  7353 | D:9      | Reached skill level 8 in Dodging
  7395 | D:9      | HP: 15/65 [acid (3)]
  7402 | D:9      | HP: 15/65 [poisoned by a water moccasin]
  7408 | D:9      | HP: 15/65 [poisoned by a water moccasin]
  7414 | D:9      | HP: 15/65 [poisoned by a water moccasin]
  7823 | D:9      | Found Idiruwet's Distillery.
  7878 | D:9      | Found Feysitoo's Jewellery Emporium.
  7888 | D:9      | Reached skill level 4 in Shields
  7982 | D:9      | Found Riuxtiyr's Food Shop.
  7996 | D:9      | Found Subagall's General Store.
  8117 | D:9      | Reached XP level 11. HP: 69/69 MP: 14/14
  8167 | D:9      | Found Kigi's General Store.
  8354 | D:9      | Reached skill level 8 in Short Blades
  8474 | D:10     | Entered Level 10 of the Dungeon
  8479 | D:10     | Reached skill level 9 in Fighting
  8511 | D:10     | Reached skill level 5 in Armour
  8511 | D:10     | Reached ***** piety under Cheibriados
  8860 | D:10     | Noticed Erolcha
  8860 | D:10     | Cast into level 1 of the Abyss (Erolcha)
  8908 | Abyss:1  | Reached skill level 6 in Stealth
  9118 | Abyss:1  | Noticed a green very ugly thing
  9118 | Abyss:1  | Noticed a green very ugly thing
  9118 | Abyss:1  | Noticed a green ugly thing
  9118 | Abyss:1  | Noticed a green very ugly thing
  9118 | Abyss:1  | Noticed a green very ugly thing
  9118 | Abyss:1  | Noticed a green very ugly thing
  9178 | Abyss:1  | Reached skill level 7 in Stealth
  9285 | Abyss:1  | Found a corrupted altar of Lugonu.
  9306 | Abyss:1  | Noticed a starcursed mass
  9323 | Abyss:1  | Fell from the grace of Cheibriados
  9323 | Abyss:1  | Became a worshipper of Lugonu the Unformed
  9323 | Abyss:1  | Reached * piety under Lugonu
  9323 | Abyss:1  | HP: 17/71 [starcursed mass/accursed screaming (9)]
  9324 | D:10     | Escaped the Abyss
  9329 | D:10     | HP: 12/71 [Erolcha/bolt of lightning (7)]
  9572 | D:10     | Noticed a soul eater
  9580 | D:10     | HP: 14/71 [soul eater/drain life[the meddling of
                  | Cheibriados] (18)]
  9593 | D:10     | HP: 1/71 [soul eater/drain life[the meddling of
                  | Cheibriados] (10)]
  9597 | D:10     | Killed from afar by a soul eater

Vault maps used:
D:1:      evilmike_arrival_run_for_it
D:2:      kennysheep_slug_shrine, elyvilon_altar_5
D:3:      uniq_robin
D:4:      lemuel_doored_altar, minmay_temple_entry_glass, uniq_duvessa,
          uniq_pikel, uniq_menkaure
D:5:      yredelemnul_forgotten_temple_becter, first_ration, uniq_eustachio,
          uniq_edmund
D:6:      serial_shops, shop_statue, hangedman_decor_points,
          uniq_crazy_yiuf_cottage
D:7:      chequers_temple_overflow_minitemple, uniq_joseph
D:8:      nicolae_underground_beach, uniq_grum, uniq_maurice
D:9:      serial_shops, nicolae_shop_behind_doors, nicolae_shop_behind_doors,
          nicolae_shop_temple_entry_statues_fountains, shop,
          nicolae_shop_waterfront, hangedman_little_slice_of_home
D:10:     zombieorc2_lemuel, uniq_erica, uniq_nergalle, uniq_erolcha

Skill      XL: |  1  2  3  4  5  6  7  8  9 10 11 |
---------------+----------------------------------+-----
Stealth        | 2 3 5 7 |  7.7
Short Blades   | 2 3 5 7 8 |  8.4
Dodging        | 3 4 5 6 8 |  8.9
Fighting       | 2 3 4 6 7 8 9 |  9.2
Invocations    | 1 3 4 5 |  5.0
Armour         | 2 3 4 5 |  5.2
Shields        | 2 4 |  4.5
Long Blades    | |  0.2
Evocations     | |  3.6

Action                   |  1- 3 |  4- 6 |  7- 9 | 10-12 || total
-------------------------+-------+-------+-------+-------++-------
Melee: Short sword       |    70 |   166 |   425 |   336 ||   997
       Dagger            |       |       |       |   204 ||   204
       Scimitar          |       |       |       |    45 ||    45
Invok: Temporal Distorti |       |       |     4 |       ||     4
       Bend Time         |       |       |     3 |       ||     3
       Slouch            |       |       |       |     4 ||     4
       Depart the Abyss  |       |       |       |     1 ||     1
Evoke: Wand              |     3 |     3 |     8 |     8 ||    22
  Use: Scroll            |       |     6 |     3 |     9 ||    18
       Potion            |       |       |       |     4 ||     4
 Stab: Sleeping          |     2 |     2 |       |       ||     4
       Distracted        |     1 |       |       |       ||     1
       Betrayed ally     |       |       |     1 |       ||     1
  Eat: Chunk             |     3 |     9 |     5 |     9 ||    26
Armor: Leather armour    |    13 |       |       |       ||    13
       Ring mail         |     2 |    57 |       |       ||    59
       Robe              |       |       |     6 |       ||     6
       Plate armour      |       |       |   208 |   226 ||   434
Dodge: Dodged            |    79 |   157 |   191 |   232 ||   659
Block: Shield            |       |       |   171 |   284 ||   455
       Rpst.: Scimitar   |       |       |       |     6 ||     6

Table legend:
 A = Non-vault XP
 B = Vault XP
 C = Vault XP percentage of total XP
 D = Non-vault monster count
 E = Vault monster count
 F = Vault count percentage of total count
                 A         B        C        D         E       F
            +---------+---------+-------+---------+---------+-------
      Total |    7961 |    2836 |  26.3 |     226 |      42 |  15.7
            +---------+---------+-------+---------+---------+-------
        D:1 |      26 |       5 |  16.1 |      14 |       1 |   6.7
        D:2 |     176 |       4 |   2.2 |      38 |       1 |   2.6
        D:3 |     104 |      36 |  25.7 |      23 |      12 |  34.3
        D:4 |     382 |     854 |  69.1 |      15 |       4 |  21.1
        D:5 |     240 |     383 |  61.5 |      11 |       3 |  21.4
        D:6 |     536 |      40 |   6.9 |      18 |       1 |   5.3
        D:7 |     545 |     455 |  45.5 |      15 |       1 |   6.2
        D:8 |    1330 |     892 |  40.1 |      33 |       4 |  10.8
        D:9 |    2345 |     160 |   6.4 |      38 |       8 |  17.4
       D:10 |    1760 |       7 |   0.4 |      18 |       7 |  28.0
    Abyss:1 |     517 |       0 |   0.0 |       3 |       0 |   0.0
            +---------+---------+-------+---------+---------+-------

Vault maps used:
D:1:      evilmike_arrival_run_for_it
D:2:      kennysheep_slug_shrine, elyvilon_altar_5
D:3:      uniq_robin
D:4:      lemuel_doored_altar, minmay_temple_entry_glass, uniq_duvessa,
          uniq_pikel, uniq_menkaure
D:5:      yredelemnul_forgotten_temple_becter, first_ration, uniq_eustachio,
          uniq_edmund
D:6:      serial_shops, shop_statue, hangedman_decor_points,
          uniq_crazy_yiuf_cottage
D:7:      chequers_temple_overflow_minitemple, uniq_joseph
D:8:      nicolae_underground_beach, uniq_grum, uniq_maurice
D:9:      serial_shops, nicolae_shop_behind_doors, nicolae_shop_behind_doors,
          nicolae_shop_temple_entry_statues_fountains, shop,
          nicolae_shop_waterfront, hangedman_little_slice_of_home
D:10:     zombieorc2_lemuel, uniq_erica, uniq_nergalle, uniq_erolcha

Table legend:
 A = Turns spent in this place as a percentage of turns spent in the entire game.
 B = Non-inter-level travel turns spent in this place as a percentage of non-inter-level travel turns spent in the entire game.
 C = Inter-level travel turns spent in this place as a percentage of turns spent in this place.
 D = Turns resting spent in this place as a percentage of non-inter-level travel turns spent in this place.
 E = Turns spent auto-exploring this place as a percentage of non-inter-level travel turns spent in this place.
 F = Non-inter-level travel turns spent in this place divided by the number of levels of this place that you've seen.
                   A       B       C       D       E      F
               +-------+-------+-------+-------+-------+----------------------
         Total | 100.0 | 100.0 |   3.2 |  32.2 |  40.5 | 844.6
       Dungeon |  95.2 |  95.0 |   3.4 |  31.9 |  42.1 | 882.7
         Abyss |   4.8 |   5.0 |   0.0 |  38.1 |  10.3 | 464.0
               +-------+-------+-------+-------+-------+----------------------

Table legend:
 A = Kills in this place as a percentage of kills in entire the game.
 B = Kills by you in this place as a percentage of kills by you in the entire game.
 C = Kills by friends in this place as a percentage of kills by friends in the entire game.
 D = Other kills in this place as a percentage of other kills in the entire game.
 E = Experience gained in this place as a percentage of experience gained in the entire game.
 F = Experience gained in this place divided by the number of levels of this place that you have seen.
                   A       B       C       D       E      F
               +-------+-------+-------+-------+-------+----------------------
         Total | 100.0 | 100.0 | 100.0 |   N/A | 100.0 | 981.5
       Dungeon |  98.9 |  98.9 | 100.0 |   N/A |  95.2 | 1028.0
         Abyss |   1.1 |   1.1 |   0.0 |   N/A |   4.8 | 517.0
               +-------+-------+-------+-------+-------+----------------------
